 Dungeon Crawl Stone Soup version 0.31-a0-691-g409c26aa35 (webtiles) character file.

Game seed: 3043214182045985483

15718 zero the Thaumaturge (level 12, -6/141 HPs)
             Began as a Black Draconian Earth Elementalist on Sept 6, 2023.
             Was a High Priest of Vehumet.
             Mangled by a yak (12 damage)
             ... on level 11 of the Dungeon.
             The game lasted 00:19:53 (13673 turns).

zero the Thaumaturge (DrEE)                        Turns: 13673, Time: 00:19:53

Health: -6/141     AC: 26    Str: 11    XL:     12   Next: 3%
Magic:  1/25       EV:  2    Int: 20    God:    Vehumet [*****.]
Gold:   604        SH:  7    Dex: 12    Spells: 14/29 levels left

rFire   . . .        A - +5 long sword (freeze)
rCold   . . .        q - +2 buckler
rNeg    . . .        (body armour unavailable)
rPois   +            o - melded +0 hat "Feipujou" {Contam Dex+8}
rElec   .            v - melded +1 cloak
rCorr   .            p - melded +1 pair of gloves
SInv    .            C - melded +1 pair of boots
Will    +....        (no amulet)
Stlth   ++           r - ring of willpower
HPRegen 0.43/turn    c - +5 ring of evasion
MPRegen 0.19/turn

%: no passive effects
@: mighty, tree-form (expiring)
A: stationary, stasis, torment immunity, boosted hp, (breathe lightning), AC +8,
unfitting armour, (electricity resistance), (cold-blooded)
a: Renounce Religion


You were on level 11 of the Dungeon.
You worshipped Vehumet.
Vehumet was extremely pleased with you.
You were a tree.
You visited 1 branch of the dungeon, and saw 11 of its levels.
You visited the Abyss 1 time.

You collected 643 gold pieces.
You spent 39 gold pieces at shops.

Inventory:

Hand Weapons
 A - a +5 long sword of freezing (weapon)
Missiles
 e - 3 throwing nets
Armour
 o - the +0 hat "Feipujou" (melded) {Contam Dex+8}
   (You found it on level 5 of the Dungeon)

   Dex+8:     It affects your dexterity (+8).
   Contam:    It causes magical contamination when unequipped.
 p - a +1 pair of gloves (melded)
 q - a +2 buckler (worn)
 v - a +1 cloak (melded)
 C - a +1 pair of boots (melded)
Jewellery
 c - a +5 ring of evasion (right branch)
 r - a ring of willpower (left branch)
 s - a ring of resist corrosion
Wands
 b - a wand of acid (11)
 m - a wand of paralysis (13)
 x - a wand of flame (10)
 y - a wand of mindburst (7)
Scrolls
 f - 3 scrolls of poison
 h - a scroll of revelation
 t - a scroll of vulnerability
 B - 2 scrolls of immolation
Potions
 d - a potion of ambrosia
 i - 2 potions of brilliance
 j - a potion of heal wounds
 k - a potion of mutation
 u - 4 potions of curing
 w - 2 potions of attraction


   Skills:
 + Level 5.5 Fighting
 + Level 3.6 Long Blades
 + Level 4.1 Dodging
 - Level 2.0 Stealth
 + Level 4.4 Shields
 + Level 9.1 Spellcasting
 + Level 6.2 Conjurations
 - Level 1.0 Transmutations
 - Level 8.0 Fire Magic
 + Level 8.4 Air Magic
 + Level 7.1 Earth Magic
 - Level 1.0 Evocations


You had 14 spell levels left.
You knew the following spells:

 Your Spells              Type           Power      Damage    Failure   Level
a - Sandblast             Erth           74%        2d16      1%          1
b - Stone Arrow           Conj/Erth      70%        3d11      1%          3
c - Plasma Beam           Fire/Air       20%        2x1d32    16%         6
e - Fireball              Conj/Fire      18%        3d9       4%          5

Your spell library contained the following spells:

 Spells                   Type           Power      Damage    Failure   Level
 Fulminant Prism          Conj/Hex       10%        3d8       8%          4
 Foxfire                  Conj/Fire      100%       2x1d9     1%          1
 Kiss of Death            Conj/Necr      84%        2d11      1%          1
 Passwall                 Tmut/Erth      20%        N/A       3%          2
 Cigotuvi's Dreadful Rot  Necr/Pois/Air  40%        N/A       4%          2
 Petrify                  Tmut/Erth      25%        N/A       19%         4
 Starburst                Conj/Fire      18%        6d7       22%         6
 Confusing Touch          Hex            9%         N/A       30%         3
 Borgnjor's Vile Clutch   Necr/Erth      11%        N/A       54%         5
 Animate Dead             Necr           9%         N/A       71%         4
 Cause Fear               Hex            4%         N/A       71%         4
 Dispel Undead            Necr           9%         3d8       71%         4
 Death Channel            Necr           4%         N/A       100%        6
 Dragon's Call            Summ           4%         N/A       100%        9


Dungeon Overview and Level Annotations

Branches:
Dungeon (11/15)            Temple (0/1) D:5            Lair (0/5) D:9
    Orc: D:9-12

Altars:
Ashenzari
Cheibriados
Elyvilon
Gozag
Hepliaklqana
Makhleb
Sif Muna
Uskayaw
Vehumet
Wu Jian
Xom

Shops:
D:1 [   D:7 ?   D:10 ?


Innate Abilities, Weirdness & Mutations

You are a tree.
Your roots penetrate the ground, keeping you stationary.
You cannot be teleported.
You are immune to unholy pain and torment.
Your maximum health is greatly increased.
Your equipment is partially melded.
((You can breathe wild blasts of lightning.))
((Your glossy black scales are hard. (AC +8)))
You cannot fit into any form of body armour.
((You are resistant to electric shocks. (rElec)))
((You are cold-blooded and may be slowed by cold attacks.))


Message History

Aiming: Stone Arrow (safe; 1% risk of failure)
Press: ? - help, Shift-Dir - straight line, f - yak
Aim: a yak (84% to hit)
The stone arrow hits the yak!!
The yak is severely wounded.
The yak gores you but does no damage. x2
Casting: Stone Arrow (safe; 1% risk of failure)
Confirm with . or Enter, or press ? or * to list all spells.
Aiming: Stone Arrow (safe; 1% risk of failure)
Press: ? - help, Shift-Dir - straight line, f/p - yak
Aim: a yak (severely wounded, 84% to hit)
The stone arrow hits the yak!
You kill the yak!
Vehumet accepts your kill.
You feel your power returning. The yak gores you but does no damage.
Training target 8.0 for Fire Magic reached!
Your Fire Magic skill increases to level 8!
Casting: Stone Arrow (safe; 1% risk of failure)
Confirm with . or Enter, or press ? or * to list all spells.
Aiming: Stone Arrow (safe; 1% risk of failure)
Press: ? - help, Shift-Dir - straight line, f - yak
Aim: a yak (84% to hit)
The stone arrow hits the yak!
The yak is moderately wounded.
The yak gores you!
* * * LOW HITPOINT WARNING * * *
Casting: Stone Arrow (safe; 1% risk of failure)
Confirm with . or Enter, or press ? or * to list all spells.
You don't have enough magic to cast this spell.
Unknown command.
Casting: Stone Arrow (safe; 1% risk of failure)
Confirm with . or Enter, or press ? or * to list all spells.
Aiming: Sandblast (safe; 1% risk of failure)
Press: ? - help, Shift-Dir - straight line, f/p - yak
Aim: a yak (moderately wounded, 90% to hit)
The blast of sand hits the yak.
The yak is heavily wounded.
Your transformation is almost over.
The yak gores you!
You die...

.........
........###########..
#......#......%.....
##......#....Y.Y.....
........#............
........#...Y.....)..
........#...Y........
.......♣#............
.......Y†............
........#............
........#............
........############
........# #########


You could see a yak.

Vanquished Creatures
  A hydra (D:10)
  Erolcha (D:11)
  2 two-headed ogres
  A sixfirhy (Abyss:1)
  Pikel (D:8)
  A will-o-the-wisp (Abyss:1)
  Maurice (D:8)
  A gargoyle (D:8)
  Jeremiah (D:8)
  A komodo dragon (D:10)
  A freezing wraith (Abyss:1)
  2 trolls
  A hornet (D:9)
  Grinder (D:4)
  A vampire (D:10)
  9 yaks
  2 wyverns (D:9)
  Grum (D:5)
  A chaos spawn (Abyss:1)
  A steam dragon (D:9)
  3 large abominations (Abyss:1)
  Edmund (D:3)
  Menkaure (D:6)
  An acid dragon (D:7)
  5 water moccasins
  3 orc warriors
  An ice beast (D:5)
  2 ogres
  2 wolves (D:5)
  3 centaurs
  A phantom (D:6)
  A lemure (D:8)
  4 kobold brigands
  4 bullfrogs
  2 scorpions
  2 gnoll sergeants (D:5)
  27 wights
  24 killer bees
  5 howler monkeys
  A quasit (Abyss:1)
  12 hounds
  9 orc priests
  A starcursed mass (Abyss:1)
  2 gnoll boudas
  4 sleepcaps
  Ijyb (D:3)
  2 iguanas
  10 orc wizards
  14 gnolls
  9 adders
  A white imp (D:6)
  An ufetubus (D:4)
  2 worms
  3 dart slugs
  26 orcs
  6 bats
  8 endoplasms
  6 giant cockroaches
  5 hobgoblins
  6 jackals
  A quokka (D:4)
  7 ball pythons
  4 frilled lizards
  12 goblins
  28 kobolds
  7 rats
311 creatures vanquished.

Notes
Turn   | Place    | Note
-------+----------+-------------------------------------------
     0 | D:1      | zero the Draconian Earth Elementalist began the quest for
                  | the Orb.
     0 | D:1      | Reached XP level 1. HP: 14/14 MP: 3/3
   181 | D:1      | Reached XP level 2. HP: 16/20 MP: 0/5
   443 | D:1      | Reached XP level 3. HP: 26/26 MP: 4/7
   447 | D:1      | Learned a level 3 spell: Stone Arrow
   473 | D:1      | Found Poecoad's Antique Armour Boutique.
   492 | D:1      | Reached skill level 3 in Spellcasting
  1215 | D:2      | Reached skill level 1 in Conjurations
  1215 | D:2      | Reached XP level 4. HP: 33/33 MP: 1/9
  2359 | D:3      | Found a shimmering blue altar of Sif Muna.
  2359 | D:3      | Found a radiant altar of Vehumet.
  2368 | D:3      | Became a worshipper of Vehumet
  2437 | D:3      | Noticed Ijyb
  2441 | D:3      | Paralysed by Ijyb for 5 turns
  2454 | D:3      | Paralysed by Ijyb for 3 turns
  2459 | D:3      | Killed Ijyb
  2460 | D:3      | Reached XP level 5. HP: 33/38 MP: 0/10
  2642 | D:3      | Reached skill level 4 in Spellcasting
  3385 | D:4      | Reached XP level 6. HP: 42/45 MP: 6/12
  3437 | D:4      | Noticed Edmund
  3584 | D:3      | Reached skill level 5 in Earth Magic
  3850 | D:3      | Killed Edmund
  3851 | D:3      | Reached skill level 1 in Fighting
  3851 | D:3      | Reached skill level 1 in Evocations
  3851 | D:3      | Your scales start taking on a glossy black colour.
  3851 | D:3      | Reached XP level 7. HP: 15/52 MP: 6/13
  3851 | D:3      | Gained mutation: You are resistant to electric shocks.
                  | (rElec) [Black Draconian growth]
  4114 | D:4      | Reached * piety under Vehumet
  4114 | D:4      | Offered knowledge of Magic Dart by Vehumet.
  4115 | D:4      | Noticed Grinder
  4125 | D:4      | Killed Grinder
  4340 | D:4      | Reached skill level 5 in Spellcasting
  4350 | D:5      | Entered Level 5 of the Dungeon
  4622 | D:4      | Identified the +7 hand axe of the Twisting Gods {drain,
                  | rPois rCorr Dex+3}
  4681 | D:4      | Found a hazy altar of Hepliaklqana.
  4828 | D:5      | Reached XP level 8. HP: 49/61 MP: 12/16
  5005 | D:5      | Offered knowledge of Poisonous Vapours by Vehumet.
  5007 | D:5      | Reached skill level 6 in Spellcasting
  5011 | D:5      | Reached skill level 5 in Earth Magic
  5012 | D:5      | Reached ** piety under Vehumet
  5212 | D:5      | Noticed Grum
  5216 | D:5      | Killed Grum
  5217 | D:5      | Reached skill level 7 in Spellcasting
  5421 | D:5      | Identified the +0 hat "Feipujou" {Contam Dex+8}
  5510 | D:5      | Learned a level 1 spell: Sandblast
  5516 | D:5      | Learned a level 5 spell: Fireball
  5523 | D:5      | Learned a level 6 spell: Plasma Beam
  5678 | D:5      | Found a staircase to the Ecumenical Temple.
  5717 | D:5      | Found an ornate altar of the Wu Jian Council.
  5915 | D:5      | Reached skill level 1 in Air Magic
  5918 | D:5      | Reached skill level 1 in Fire Magic
  6298 | D:6      | Reached XP level 9. HP: 64/67 MP: 18/20
  6522 | D:6      | Reached skill level 8 in Spellcasting
  6652 | D:6      | Found a sacrificial altar of Ru.
  6655 | D:6      | Found a shimmering altar of Xom.
  6655 | D:6      | Found a sacrificial altar of Ru.
  6657 | D:6      | Found an opulent altar of Gozag.
  6657 | D:6      | Found a hide-covered altar of Uskayaw.
  6657 | D:6      | Found a shimmering altar of Xom.
  6683 | D:6      | Noticed Menkaure
  6687 | D:6      | Killed Menkaure
  6954 | D:6      | Identified the +2 robe of Failure {+Inv rElec Regen+ Int-4}
  7239 | D:7      | Found Ythreusche's Magic Scroll Shoppe.
  7254 | D:7      | Bought a scroll of teleportation for 39 gold pieces
  7266 | D:7      | Found a broken altar of Ashenzari.
  7398 | D:7      | Offered knowledge of Hailstorm by Vehumet.
  7407 | D:7      | Reached skill level 5 in Air Magic
  7576 | D:7      | Reached skill level 5 in Fire Magic
  7623 | D:6      | Reached *** piety under Vehumet
  8214 | D:7      | Found a snail-covered altar of Cheibriados.
  8321 | D:8      | Noticed a two-headed ogre
  8329 | D:8      | Killed a two-headed ogre
  8330 | D:8      | Reached XP level 10. HP: 21/74 MP: 3/22
  8623 | D:8      | Reached skill level 1 in Long Blades
  8623 | D:8      | Reached skill level 1 in Shields
  8643 | D:8      | Noticed Maurice
  8650 | D:8      | Killed Maurice
  8838 | D:8      | You fall into a shaft and drop 1 floor!
  8941 | D:9      | Offered knowledge of Inner Flame by Vehumet.
  9327 | D:9      | Found a hide-covered altar of Uskayaw.
  9392 | D:9      | Found a white marble altar of Elyvilon.
  9513 | D:9      | Found a staircase to the Lair.
  9641 | D:9      | Found an opulent altar of Gozag.
 10077 | D:9      | Found a burning altar of Makhleb.
 10302 | D:9      | Reached **** piety under Vehumet
 10309 | D:9      | Reached skill level 5 in Conjurations
 10481 | D:8      | Noticed Pikel
 10494 | D:8      | Killed Pikel
 10495 | D:8      | Reached XP level 11. HP: 72/84 MP: 3/23
 10565 | D:7      | Offered knowledge of Volatile Blastmotes by Vehumet.
 10933 | D:8      | Noticed Jeremiah
 11035 | D:8      | Killed Jeremiah
 11606 | D:10     | Entered Level 10 of the Dungeon
 11736 | D:10     | Noticed a two-headed ogre
 11739 | D:10     | Killed a two-headed ogre
 12046 | D:10     | Found Useuqeig's Magic Scroll Boutique.
 12062 | D:10     | Reached ***** piety under Vehumet
 12066 | D:10     | Offered knowledge of Fulminant Prism by Vehumet.
 12067 | D:10     | Noticed a five-headed hydra
 12387 | D:10     | Killed a five-headed hydra
 12694 | D:10     | Reached skill level 5 in Fighting
 13215 | D:11     | Noticed Erolcha
 13219 | Abyss:1  | Cast into level 1 of the Abyss (Erolcha)
 13272 | Abyss:1  | Found a corrupted altar of Lugonu.
 13278 | Abyss:1  | Found a corrupted altar of Lugonu.
 13278 | Abyss:1  | Noticed a Hell Sentinel
 13278 | Abyss:1  | Found a corrupted altar of Lugonu.
 13305 | Abyss:1  | Found a corrupted altar of Lugonu.
 13306 | Abyss:1  | Noticed a large abomination
 13315 | Abyss:1  | Killed a large abomination
 13330 | Abyss:1  | Noticed a vampire mage
 13342 | Abyss:1  | Noticed an orb spider
 13407 | Abyss:1  | Noticed a sixfirhy
 13412 | Abyss:1  | Killed a sixfirhy
 13413 | Abyss:1  | Reached skill level 9 in Spellcasting
 13531 | Abyss:1  | Noticed a starcursed mass
 13532 | Abyss:1  | Found a corrupted altar of Lugonu.
 13566 | Abyss:1  | Noticed a starcursed mass
 13623 | D:11     | Escaped the Abyss
 13631 | D:11     | Killed Erolcha
 13661 | D:11     | Reached XP level 12. HP: 41/94 MP: 9/25
 13672 | D:11     | HP: 5/141 [yak (10)]
 13673 | D:11     | Mangled by a yak

Illustrated notes

Levels and vault maps discovered:
D:1:      minmay_arrival_widening_spiral_wide, layout_basic, serial_shops, shop,
          minmay_crystal_water, minmay_vboxes
D:2:      layout_basic, st_stairs_9, ebering_dispersal_statue_hall
D:3:      layout_basic, jmf_multi_god_temple, uniq_ijyb
D:4:      minmay_door_path, layout_rooms, nicolae_hepliaklqana_hippocampus,
          uniq_grinder, uniq_edmund
D:5:      layout_cave_pools, pdpol_wu_jian_five_deadly_venoms,
          minmay_temple_entry_enclosed_plants, serial_gnoll_camp,
          gnoll_camp_mini_house, gnoll_camp_mini_hut, gnoll_camp_mini_doghouse,
          grums_kennel, gnoll_camp_mini_hut, supply_closet_lemuel,
          lightli_minifort
D:6:      layout_cave_pods, doesnt_xom_only_xom, uniq_menkaure
D:7:      layout_cave_pools, chei_slow_surprise, lemuel_doored_altar,
          serial_shops, shop, minmay_microvault
D:8:      layout_cave_pods, uniq_jeremiah, uniq_pikel, uniq_maurice
D:9:      layout_basic, bloody_makhleb, nicolae_overflow_crystal_walls,
          mainiacjoe_overflow_catch_the_wave, blue_anna_alchemist
D:10:     layout_small_grid, serial_shops, shop, minmay_increasing_density
D:11:     layout_stronghold, uniq_erolcha

Skill      XL: |  1  2  3  4  5  6  7  8  9 10 11 12 |
---------------+-------------------------------------+-----
Spellcasting   | 3 4 5 7 8 9 |  9.1
Conjurations   | 1 2 3 4 5 6 |  6.2
Earth Magic    | 4 4 5 6 7 |  7.1
Dodging        | 2 3 4 |  4.1
Stealth        | 2 |  2.0
Fighting       | 1 2 4 5 |  5.5
Evocations     | 1 |  1.0
Air Magic      | 1 7 8 |  8.4
Fire Magic     | 1 5 6 7 8 |  8.0
Long Blades    | 2 3 |  3.6
Shields        | 2 4 |  4.4
Transmutations | |  1.0

Action                     |  1- 3 |  4- 6 |  7- 9 | 10-12 || total
---------------------------+-------+-------+-------+-------++-------
  Melee: Short sword       |    34 |    19 |       |       ||    53
         Tailslap          |     2 |     1 |     8 |     3 ||    14
         Punch             |     1 |       |       |       ||     1
         Flail             |       |       |     8 |       ||     8
         Hand axe          |       |       |    40 |       ||    40
         Long sword        |       |       |     2 |    77 ||    79
   Cast: Sandblast         |    45 |    84 |   158 |   160 ||   447
         Stone Arrow       |       |    18 |    56 |    87 ||   161
         Fireball          |       |       |       |    26 ||    26
  Evoke: Wand              |       |       |       |     1 ||     1
    Use: Potion            |       |     1 |     1 |    14 ||    16
         Scroll            |       |       |    18 |    10 ||    28
   Stab: Sleeping          |     1 |       |       |       ||     1
 Armour: Skin              |    29 |    78 |   131 |   213 ||   451
  Dodge: Dodged            |    50 |    72 |   257 |   288 ||   667
  Block: Buckler           |       |       |    48 |   166 ||   214

Table legend: (Time is in decaauts)
 A = Elapsed time spent in this place.
 B = Non-inter-level travel time spent in this place.
 C = Inter-level travel time spent in this place.
 D = Time resting spent in this place.
 E = Time spent auto-exploring this place.
 F = Levels seen in this place.
 G = Mean time per level.
                   A        B        C        D        E       F      G
               +--------+--------+--------+--------+--------+-----+--------+
         Total |  13930 |  13528 |    402 |   3530 |   7536 |  12 | 1160.8 |
       Dungeon |  13530 |  13128 |    402 |   3415 |   7536 |  11 | 1230.0 |
         Abyss |    400 |    400 |      0 |    114 |      0 |   1 |  400.0 |
               +--------+--------+--------+--------+--------+-----+--------+

Top non-repeatable levels by time:
     D:9: 1729 daAuts
     D:3: 1638 daAuts
     D:8: 1575 daAuts
    D:10: 1554 daAuts
     D:6: 1470 daAuts
     D:5: 1330 daAuts
     D:4: 1219 daAuts
     D:1: 1041 daAuts
     D:2: 956 daAuts
     D:7: 868 daAuts
 Abyss:1: 400 daAuts
    D:11: 146 daAuts
